General information
- name: BNet
- type: Ladder team game (AT/RT)
- host: Battle.net
- saver: 4ssh0leJ4cob
map: Deadlands
- players: 8
- length: 55:27
- speed: Fast
- version: 1.26 W3XP
- replay type: Public
» download(279 KB)
Players
team 1 (loser)

»
crosthwaite.5 (
blue | 23 APM | 1271 actions | 54:30)
5 Paladin
3 Holy Light
2 Devotion Aura
5 Mountain King
3 Storm Bolt
2 Bash
» actions
| Build / train | 78 | |
| Enter build submenu | 25 | |
| Enter hero's abilities submenu | 10 | |
| Give item / drop item | 2 | |
| Remove unit from queue | 3 | |
| Right click | 730 | |
| Select / deselect | 330 | |
| Use ability | 91 | |
1271 total
» units
| Peasant | 18 | |
| Footman | 3 | |
| Priest | 4 | |
| Knight | 7 | |
32 total
» upgrades
| Defend | 1 | |
| Masonry | 3 | |
| Lumber Harvesting | 2 | |
| Swords | 2 | |
| Priest Training | 2 | |
| Plating | 3 | |
| Animal War Training | 1 | |
14 total
» buildings
| Barracks | 2 | |
| Farm | 9 | |
| Altar of Kings | 1 | |
| Lumber Mill | 1 | |
| Town Hall | 3 | |
| Scout Tower | 4 | |
| Keep | 1 | |
| Arcane Tower | 1 | |
| Guard Tower | 3 | |
| Arcane Vault | 1 | |
| Blacksmith | 1 | |
| Arcane Sanctum | 1 | |
| Castle | 1 | |
29 total
» build order
00:11 Barracks
00:27 Farm
00:38 Altar of Kings
00:50 Lumber Mill
01:17 Farm
02:06 Farm
03:50 Town Hall
03:53 Scout Tower
04:28 Keep
04:32 Scout Tower
05:10 Arcane Tower
05:11 Guard Tower
05:14 Scout Tower
05:31 Arcane Vault
05:46 Guard Tower
05:48 Scout Tower
06:24 Farm
06:34 Guard Tower
06:44 Blacksmith
07:08 Arcane Sanctum
07:12 Farm
07:56 Farm
08:16 Castle
08:47 Farm
09:01 Barracks
10:08 Farm
11:25 Farm
25:26 Town Hall
31:54 Town Hall
» items
| Lesser Clarity Potion | 2 | |
| Scroll of Regeneration | 2 | |
| Potion of Mana | 3 | |
| Scroll of Town Portal | 3 | |
| Orb of Fire | 1 | |
11 total

»
PeonYurWall (
orange | 21 APM | 1135 actions | 54:30)
5 Blademaster
3 Wind Walk
2 Critical Strike
4 Shadow Hunter
2 Hex
2 Healing Wave
» actions
| Basic commands | 104 | |
| Build / train | 54 | |
| Enter build submenu | 12 | |
| Enter hero's abilities submenu | 9 | |
| Give item / drop item | 2 | |
| Right click | 531 | |
| Select / deselect | 349 | |
| Use ability | 74 | |
1135 total
» units
» upgrades
| Ranged Weapons | 2 | |
| Armor | 1 | |
| Envenomed Spears | 1 | |
4 total
» buildings
| Altar of Storms | 1 | |
| Orc Burrow | 7 | |
| Voodoo Lounge | 1 | |
| War Mill | 1 | |
| Stronghold | 1 | |
| Beastiary | 2 | |
| Fortress | 4 | |
17 total
» build order
00:38 Altar of Storms
00:40 Orc Burrow
01:24 Voodoo Lounge
01:48 Orc Burrow
02:14 War Mill
03:01 Stronghold
04:37 Orc Burrow
05:27 Beastiary
05:30 Beastiary
05:52 Orc Burrow
07:44 Orc Burrow
13:21 Fortress
13:21 Fortress
14:47 Orc Burrow
19:26 Orc Burrow
» items
| Healing Salve | 2 | |
| Lesser Clarity Potion | 3 | |
| Scroll of Town Portal | 1 | |
6 total
schwaz3 (
purple | 106 APM | 5433 actions | 51:07)
7 Death Knight
3 Death Coil
3 Unholy Aura
1 Animate Dead
5 Lich
3 Frost Nova
1 Dark Ritual
1 Frost Armor
» actions
| Assign group hotkey | 51 | |
| Basic commands | 38 | |
| Build / train | 75 | |
| ESC pressed | 13 | |
| Enter build submenu | 37 | |
| Enter hero's abilities submenu | 12 | |
| Give item / drop item | 1 | |
| Remove unit from queue | 2 | |
| Right click | 2172 | |
| Select / deselect | 738 | |
| Select group hotkey | 2142 | |
| Use ability | 152 | |
5433 total
» units
| Acolyte | 11 | |
| Ghoul | 2 | |
| Crypt Fiend | 18 | |
| Obsidian Statue | 6 | |
| Meatwagon | 3 | |
40 total
» upgrades
| Burrow | 1 | |
| Web | 1 | |
| Creature Attack | 2 | |
| Creature Carapace | 2 | |
| Destroyer Form | 1 | |
| Unholy Strength | 2 | |
9 total
» buildings
| Graveyard | 1 | |
| Crypt | 1 | |
| Ziggurat | 9 | |
| Altar of Darkness | 1 | |
| Tomb of Relics | 1 | |
| Halls of the Dead | 2 | |
| Spirit Tower | 3 | |
| Slaughterhouse | 2 | |
| Black Citadel | 1 | |
| Necropolis | 12 | |
33 total
» build order
00:16 Graveyard
00:19 Crypt
00:42 Ziggurat
01:00 Altar of Darkness
01:52 Ziggurat
01:55 Tomb of Relics
03:35 Ziggurat
04:19 Halls of the Dead
04:19 Halls of the Dead
08:10 Spirit Tower
08:19 Slaughterhouse
09:28 Ziggurat
13:38 Black Citadel
13:40 Slaughterhouse
14:07 Spirit Tower
15:44 Ziggurat
15:45 Ziggurat
17:44 Ziggurat
17:44 Ziggurat
20:38 Ziggurat
24:47 Spirit Tower
28:46 Necropolis
29:24 Necropolis
30:37 Necropolis
30:41 Necropolis
31:40 Necropolis
31:59 Necropolis
32:21 Necropolis
35:42 Necropolis
37:34 Necropolis
38:39 Necropolis
38:43 Necropolis
38:46 Necropolis
» items
TheSoupNAZl (
red | 38 APM | 2063 actions | 54:30)
7 Archmage
3 Summon Water Elemental
3 Brilliance Aura
1 Mass Teleport
» actions
| Assign group hotkey | 22 | |
| Basic commands | 442 | |
| Build / train | 93 | |
| Enter build submenu | 58 | |
| Enter hero's abilities submenu | 7 | |
| Give item / drop item | 10 | |
| Remove unit from queue | 1 | |
| Right click | 562 | |
| Select / deselect | 457 | |
| Select group hotkey | 226 | |
| Use ability | 185 | |
2063 total
» units
| Peasant | 15 | |
| Footman | 4 | |
| Goblin Shredder | 1 | |
| Gryphon Rider | 10 | |
| Goblin Sapper | 13 | |
| Dragonhawk Rider | 3 | |
46 total
» upgrades
| Masonry | 3 | |
| Storm Hammers | 1 | |
| Swords | 3 | |
| Armor | 3 | |
| Animal War Training | 1 | |
| Cloud | 1 | |
12 total
» buildings
| Altar of Kings | 1 | |
| Barracks | 1 | |
| Farm | 11 | |
| Scout Tower | 50 | |
| Keep | 1 | |
| Arcane Tower | 2 | |
| Lumber Mill | 3 | |
| Town Hall | 2 | |
| Arcane Vault | 2 | |
| Guard Tower | 8 | |
| Castle | 1 | |
| Gryphon Aviary | 4 | |
| Blacksmith | 2 | |
88 total
» build order
00:36 Altar of Kings
00:37 Barracks
00:50 Farm
00:51 Farm
01:07 Farm
01:40 Farm
02:33 Scout Tower
03:26 Keep
03:37 Arcane Tower
03:40 Lumber Mill
04:47 Town Hall
04:52 Arcane Vault
04:54 Scout Tower
04:55 Scout Tower
04:57 Scout Tower
04:58 Scout Tower
05:01 Scout Tower
05:06 Scout Tower
05:12 Lumber Mill
06:26 Guard Tower
07:15 Castle
08:30 Arcane Tower
09:28 Gryphon Aviary
09:29 Gryphon Aviary
09:29 Gryphon Aviary
09:31 Gryphon Aviary
09:47 Blacksmith
09:54 Farm
10:43 Blacksmith
11:56 Arcane Vault
16:10 Scout Tower
16:10 Scout Tower
16:11 Scout Tower
16:12 Scout Tower
16:13 Scout Tower
16:13 Scout Tower
16:14 Scout Tower
16:15 Scout Tower
16:16 Scout Tower
16:17 Scout Tower
16:17 Scout Tower
16:18 Scout Tower
16:20 Scout Tower
16:20 Scout Tower
16:21 Scout Tower
16:21 Scout Tower
16:22 Scout Tower
16:23 Scout Tower
16:23 Scout Tower
16:24 Scout Tower
16:24 Scout Tower
16:26 Scout Tower
16:27 Scout Tower
16:27 Scout Tower
16:28 Scout Tower
16:44 Scout Tower
16:45 Scout Tower
16:46 Scout Tower
16:48 Scout Tower
16:49 Scout Tower
16:53 Scout Tower
16:54 Scout Tower
16:55 Scout Tower
17:02 Guard Tower
17:32 Farm
17:33 Farm
17:33 Farm
17:34 Farm
17:35 Farm
17:38 Guard Tower
17:48 Guard Tower
18:15 Guard Tower
18:35 Guard Tower
19:36 Lumber Mill
26:23 Scout Tower
26:23 Scout Tower
26:24 Scout Tower
26:24 Scout Tower
26:25 Scout Tower
26:57 Guard Tower
26:58 Scout Tower
26:59 Scout Tower
26:59 Scout Tower
27:00 Scout Tower
27:00 Scout Tower
27:49 Guard Tower
28:22 Town Hall
47:12 Farm
» items
| Mechanical Critter | 4 | |
| Potion of Healing | 4 | |
| Scroll of Regeneration | 4 | |
| Scroll of Town Portal | 1 | |
| Staff of Teleportation | 1 | |
14 total
team 2 (winner)
bobby1 (
teal | 44 APM | 712 actions | 16:13)
3 Death Knight
2 Death Coil
1 Unholy Aura
» actions
| Assign group hotkey | 1 | |
| Build / train | 45 | |
| Enter build submenu | 14 | |
| Enter hero's abilities submenu | 4 | |
| Give item / drop item | 1 | |
| Remove unit from queue | 5 | |
| Right click | 423 | |
| Select / deselect | 156 | |
| Select group hotkey | 10 | |
| Use ability | 53 | |
712 total
» units
| Acolyte | 3 | |
| Ghoul | 2 | |
| Crypt Fiend | 11 | |
| Frost Wyrm | 1 | |
17 total
» upgrades
| Creature Attack | 2 | |
| Creature Carapace | 1 | |
| Web | 1 | |
4 total
» buildings
| Crypt | 1 | |
| Ziggurat | 7 | |
| Graveyard | 1 | |
| Altar of Darkness | 1 | |
| Tomb of Relics | 2 | |
| Nerubian Tower | 2 | |
| Halls of the Dead | 2 | |
| Black Citadel | 2 | |
| Sacrificial Pit | 1 | |
| Boneyard | 3 | |
22 total
» build order
00:11 Crypt
00:14 Ziggurat
00:47 Graveyard
01:24 Ziggurat
01:40 Altar of Darkness
02:25 Tomb of Relics
02:31 Tomb of Relics
03:30 Ziggurat
04:14 Nerubian Tower
04:14 Nerubian Tower
05:27 Halls of the Dead
05:28 Halls of the Dead
11:16 Black Citadel
11:16 Black Citadel
12:57 Sacrificial Pit
13:24 Ziggurat
13:25 Ziggurat
13:26 Ziggurat
13:27 Ziggurat
13:48 Boneyard
13:49 Boneyard
13:54 Boneyard
» items
| Rod of Necromancy | 2 | |
| Scroll of Regeneration | 1 | |
3 total
meles (
pink | 117 APM | 1987 actions | 16:57)
4 Archmage
2 Summon Water Elemental
2 Brilliance Aura
» actions
| Assign group hotkey | 65 | |
| Basic commands | 115 | |
| Build / train | 182 | |
| ESC pressed | 2 | |
| Enter build submenu | 18 | |
| Enter hero's abilities submenu | 4 | |
| Right click | 665 | |
| Select / deselect | 388 | |
| Select group hotkey | 429 | |
| Use ability | 119 | |
1987 total
» units
» upgrades
| Gunpowder | 1 | |
| Armor | 1 | |
| Masonry | 1 | |
| Lumber Harvesting | 1 | |
4 total
» buildings
| Farm | 7 | |
| Altar of Kings | 1 | |
| Scout Tower | 15 | |
| Arcane Tower | 5 | |
| Blacksmith | 1 | |
| Barracks | 2 | |
| Lumber Mill | 1 | |
| Town Hall | 1 | |
| Guard Tower | 28 | |
| Keep | 1 | |
62 total
» build order
01:07 Farm
01:10 Altar of Kings
01:13 Scout Tower
01:15 Farm
01:47 Arcane Tower
01:48 Arcane Tower
01:48 Arcane Tower
01:48 Arcane Tower
02:02 Farm
02:16 Farm
02:20 Blacksmith
02:29 Barracks
02:49 Barracks
02:55 Farm
03:03 Lumber Mill
05:13 Town Hall
05:15 Scout Tower
05:15 Scout Tower
05:16 Scout Tower
05:16 Scout Tower
05:17 Scout Tower
05:17 Scout Tower
05:56 Guard Tower
05:57 Guard Tower
05:57 Guard Tower
05:57 Guard Tower
06:11 Guard Tower
06:12 Guard Tower
06:12 Guard Tower
06:12 Guard Tower
06:46 Guard Tower
06:46 Guard Tower
09:20 Scout Tower
09:21 Scout Tower
09:21 Scout Tower
13:33 Keep
13:36 Farm
13:39 Farm
13:52 Guard Tower
13:52 Guard Tower
13:52 Guard Tower
14:17 Guard Tower
14:17 Guard Tower
14:18 Guard Tower
14:18 Guard Tower
14:35 Scout Tower
14:35 Scout Tower
14:36 Scout Tower
14:36 Scout Tower
» items
| Potion of Healing | 1 | |
| Lesser Clarity Potion | 1 | |
2 total

»
Guitar- (
green | 49 APM | 798 actions | 16:18)
4 Demon Hunter
1 Immolation
2 Evasion
1 Mana Burn
3 Keeper of the Grove
2 Entangling Roots
1 Thorns Aura
» actions
| Build / train | 58 | |
| Enter build submenu | 20 | |
| Enter hero's abilities submenu | 7 | |
| Give item / drop item | 1 | |
| Right click | 413 | |
| Select / deselect | 257 | |
| Use ability | 42 | |
798 total
» units
| Wisp | 20 | |
| Huntress | 15 | |
| Faerie Dragon | 4 | |
| Hippogryph | 5 | |
44 total
» upgrades
| Strength of the Moon | 1 | |
| Reinforced Hides | 1 | |
2 total
» buildings
| Altar of Elders | 1 | |
| Moon Well | 6 | |
| Hunter's Hall | 1 | |
| Ancient of War | 1 | |
| Ancient of Wonders | 1 | |
| Ancient Protector | 1 | |
| Tree of Ages | 1 | |
| Tree of Life | 1 | |
| Ancient of Wind | 2 | |
| Tree of Eternity | 1 | |
| Chimaera Roost | 2 | |
18 total
» build order
00:09 Altar of Elders
00:14 Moon Well
01:07 Hunter's Hall
01:36 Ancient of War
02:28 Moon Well
02:59 Ancient of Wonders
03:52 Moon Well
04:23 Ancient Protector
05:06 Tree of Ages
05:43 Moon Well
06:43 Tree of Life
07:06 Moon Well
08:22 Ancient of Wind
10:58 Tree of Eternity
11:52 Ancient of Wind
13:30 Moon Well
14:26 Chimaera Roost
15:31 Chimaera Roost
» items
4ssh0leJ4cob (
yellow | 61 APM | 3396 actions | 55:27)
7 Archmage
3 Summon Water Elemental
3 Brilliance Aura
1 Mass Teleport
1 Death Knight
1 Unholy Aura
» actions
| Assign group hotkey | 156 | |
| Basic commands | 67 | |
| Build / train | 253 | |
| ESC pressed | 18 | |
| Enter build submenu | 82 | |
| Enter hero's abilities submenu | 8 | |
| Give item / drop item | 6 | |
| Right click | 1315 | |
| Select / deselect | 525 | |
| Select group hotkey | 651 | |
| Use ability | 315 | |
3396 total
» units
| Peasant | 24 | |
| Footman | 8 | |
| Gryphon Rider | 6 | |
| Ghoul | 1 | |
| Goblin Sapper | 9 | |
| Dragonhawk Rider | 6 | |
| Knight | 1 | |
55 total
» upgrades
| Masonry | 3 | |
| Lumber Harvesting | 2 | |
| Swords | 3 | |
| Animal War Training | 1 | |
| Storm Hammers | 1 | |
| Armor | 3 | |
| Nature's Blessing | 1 | |
| Cloud | 1 | |
15 total
» buildings
| Barracks | 1 | |
| Altar of Kings | 2 | |
| Farm | 11 | |
| Arcane Vault | 2 | |
| Lumber Mill | 2 | |
| Town Hall | 2 | |
| Scout Tower | 41 | |
| Keep | 5 | |
| Arcane Tower | 6 | |
| Guard Tower | 81 | |
| Blacksmith | 1 | |
| Castle | 3 | |
| Gryphon Aviary | 3 | |
| Spirit Tower | 33 | |
| Ziggurat | 8 | |
| Moon Well | 3 | |
204 total
» build order
00:57 Barracks
01:10 Altar of Kings
01:14 Farm
01:16 Farm
01:42 Farm
02:07 Arcane Vault
02:34 Farm
02:51 Farm
04:05 Farm
04:20 Farm
04:50 Lumber Mill
05:56 Town Hall
05:57 Scout Tower
06:18 Keep
06:18 Keep
06:18 Keep
06:23 Arcane Tower
06:24 Arcane Tower
06:24 Arcane Tower
06:24 Arcane Tower
06:27 Scout Tower
06:28 Scout Tower
06:29 Scout Tower
07:33 Guard Tower
08:30 Blacksmith
08:34 Scout Tower
08:36 Scout Tower
08:37 Scout Tower
08:56 Castle
08:56 Castle
08:57 Castle
08:59 Gryphon Aviary
09:03 Gryphon Aviary
09:07 Guard Tower
09:29 Gryphon Aviary
09:33 Scout Tower
09:34 Scout Tower
09:38 Scout Tower
09:41 Scout Tower
09:44 Scout Tower
10:05 Guard Tower
12:18 Guard Tower
12:18 Guard Tower
12:19 Guard Tower
12:19 Guard Tower
12:20 Guard Tower
12:23 Guard Tower
12:23 Guard Tower
12:24 Guard Tower
12:24 Guard Tower
12:29 Guard Tower
12:29 Guard Tower
12:30 Guard Tower
12:30 Guard Tower
15:59 Scout Tower
16:00 Scout Tower
16:01 Scout Tower
16:23 Scout Tower
16:24 Scout Tower
16:26 Scout Tower
16:36 Scout Tower
16:38 Guard Tower
16:40 Scout Tower
16:43 Scout Tower
16:45 Scout Tower
17:00 Scout Tower
17:03 Guard Tower
17:03 Guard Tower
17:04 Guard Tower
17:04 Guard Tower
17:25 Spirit Tower
17:25 Spirit Tower
17:25 Spirit Tower
17:26 Ziggurat
17:27 Ziggurat
17:29 Ziggurat
17:29 Ziggurat
17:44 Ziggurat
17:50 Ziggurat
17:54 Ziggurat
17:55 Ziggurat
18:06 Guard Tower
18:06 Guard Tower
18:07 Guard Tower
18:07 Guard Tower
18:13 Scout Tower
18:16 Scout Tower
18:16 Scout Tower
18:17 Scout Tower
18:22 Guard Tower
18:22 Guard Tower
18:29 Spirit Tower
18:29 Spirit Tower
18:30 Spirit Tower
18:30 Spirit Tower
18:33 Spirit Tower
18:34 Spirit Tower
18:34 Spirit Tower
18:34 Spirit Tower
18:44 Spirit Tower
18:45 Spirit Tower
18:45 Spirit Tower
18:53 Spirit Tower
18:53 Spirit Tower
18:54 Spirit Tower
18:54 Spirit Tower
19:10 Spirit Tower
19:11 Spirit Tower
19:11 Spirit Tower
19:11 Spirit Tower
19:35 Guard Tower
19:35 Guard Tower
19:36 Guard Tower
19:36 Guard Tower
20:36 Moon Well
20:37 Moon Well
20:38 Moon Well
30:57 Arcane Vault
32:07 Scout Tower
32:09 Scout Tower
32:09 Scout Tower
32:10 Scout Tower
32:13 Scout Tower
32:15 Scout Tower
32:44 Guard Tower
32:44 Guard Tower
32:44 Guard Tower
32:45 Guard Tower
32:45 Guard Tower
32:45 Guard Tower
32:45 Guard Tower
35:47 Town Hall
35:53 Scout Tower
35:53 Scout Tower
35:54 Scout Tower
35:56 Scout Tower
36:09 Scout Tower
36:10 Scout Tower
36:27 Guard Tower
36:27 Guard Tower
36:27 Guard Tower
36:27 Guard Tower
36:38 Guard Tower
36:38 Guard Tower
37:15 Lumber Mill
38:28 Guard Tower
38:29 Guard Tower
38:29 Guard Tower
38:29 Guard Tower
38:29 Guard Tower
38:33 Scout Tower
39:05 Guard Tower
39:05 Guard Tower
39:05 Guard Tower
39:05 Guard Tower
39:07 Scout Tower
43:22 Farm
43:22 Farm
43:23 Farm
43:24 Farm
43:27 Guard Tower
43:28 Guard Tower
43:28 Guard Tower
43:28 Guard Tower
43:52 Altar of Kings
44:03 Keep
» items
| Scroll of Regeneration | 3 | |
| Mechanical Critter | 3 | |
| Periapt of Vitality | 1 | |
| Staff of Teleportation | 1 | |
| Boots of Speed | 1 | |
| Potion of Healing | 1 | |
| Scroll of Town Portal | 1 | |
| Lesser Clarity Potion | 1 | |
| Potion of Lesser Invulnerability | 1 | |
| Potion of Invisibility | 1 | |
14 total
Chat log
(00:07 / All) meles: bobby_
(00:09 / All) meles: _
(00:15 / All) meles: what happend with the clan?
(00:20 / Allies) Guitar-: we are versing hackers thati know hack
(00:20 / Allies) bobby1: SOMEONE KICKED ME OUT OF CLAN TODAY
(00:21 / Allies) bobby1: wtf
(00:25 / Allies) Guitar-: 11wc3 got dsibanned
(00:27 / All) PeonYurWall: clan gods fuck with it boi
(00:32 / All) Guitar-: no
(00:33 / Allies) bobby1: wow
(00:37 / All) meles: lol
(00:39 / All) Guitar-: cheifs acc got hacked
(00:42 / All) Guitar-: disbanned clan
(00:48 / All) Guitar-: all tha thappened chill out losers
(00:48 / All) meles: oh that happends
(01:01 / All) meles: guy smeet in channel "qqq" after the game,
(01:09 / All) PeonYurWall: no pussy
(01:19 / All) TheSoupNAZl: no soup for you
(01:21 / Allies) Guitar-: sup
(01:23 / All) meles: bobby, u havent send me ur sisters pictures
(01:35 / All) PeonYurWall: woah woah
(01:37 / All) PeonYurWall: rape
(01:43 / All) meles: yeah man
(01:43 / Allies) bobby1: kill her
(01:45 / All) meles: she raped me
(01:45 / All) TheSoupNAZl: no soup for you 1 year
(01:51 / All) PeonYurWall: rape meles
(01:53 / All) PeonYurWall: rape
(01:56 / Allies) bobby1: she stoled 40k
(02:01 / Allies) bobby1: after my house byrned down
(02:05 / Allies) bobby1: i disowned my sister
(02:06 / All) meles: 40k in milk
(02:07 / All) meles: xD
(04:25 / All) PeonYurWall: u mh teal or what
(04:37 / All) bobby1: wtf u tlking bout mher
(04:50 / All) Guitar-: go read walters profile peon
(04:50 / All) bobby1: u trying to item steal me or something
(04:57 / All) PeonYurWall: lol
(05:01 / Allies) bobby1: \
(05:05 / All) PeonYurWall: hes just mad that i shit on him
(05:07 / All) bobby1: knowiung exactly where im creeping
(05:18 / All) Guitar-: we all have zmap faggot
(05:20 / All) bobby1: hacks more
(05:25 / All) bobby1: i love beating haxers
(06:07 / Allies) bobby1: u go
(06:08 / Allies) bobby1: i go bot
(06:41 / Allies) bobby1: go away
(06:48 / Allies) bobby1: what a douch
(06:52 / Allies) 4ssh0leJ4cob: ?
(06:57 / Allies) bobby1: u stood
(06:59 / Allies) bobby1: right on outscurts
(07:02 / Allies) 4ssh0leJ4cob: I was going to the shop asshole
(07:02 / Allies) bobby1: to take the exp
(07:05 / Allies) bobby1: on the 6 i killed
(07:05 / Allies) bobby1: gj
(07:06 / Allies) 4ssh0leJ4cob: not paying attention to your creep camp
(07:07 / Allies) 4ssh0leJ4cob: douchebag
(07:12 / Allies) 4ssh0leJ4cob: not everything is about you
(07:35 / Allies) meles: fight
(07:58 / Allies) bobby1: ty thats only cause
(08:01 / Allies) bobby1: u have aura thoe
(08:04 / Allies) bobby1: but ty
(08:07 / Allies) 4ssh0leJ4cob: want another +3 gauntlet?
(08:10 / Allies) meles: hit the ud
(08:17 / Allies) meles: check the h umans xpo
(08:20 / Allies) meles: he came with xpo items
(08:36 / Allies) bobby1: im glad u got soem exp off me
(08:51 / Allies) bobby1: fight losl
(09:06 / All) PeonYurWall: bye
(09:10 / Allies) bobby1: fuck
(09:14 / All) bobby1: fucking haxor
(09:16 / All) bobby1: proved
(09:24 / All) TheSoupNAZl: fuck off bobby
(09:27 / Allies) bobby1: loss 10 workers
(09:31 / All) PeonYurWall: u ass bro
(09:32 / All) bobby1: he proved it
(09:32 / All) PeonYurWall: leave
(09:39 / All) bobby1: PROB THERE BEFORE I WAS THERE RDY TO AMBUSH ME
(09:44 / Allies) meles: dont fight them alone
(09:47 / Allies) Guitar-: PINK
(09:49 / Allies) bobby1: LOVE HAXRO FUCKS LIKE YOU NOOBS AS OJ
(09:50 / Allies) Guitar-: OMFG DUE
(09:56 / All) Guitar-: poink runs
(10:00 / All) Guitar-: pink runs away fully
(10:07 / Allies) bobby1: pink
(10:09 / Allies) bobby1: dont fight
(10:09 / Allies) bobby1: alone
(10:11 / Allies) Guitar-: fucking noobpink
(10:11 / Allies) bobby1: pratice
(10:13 / Allies) bobby1: what u preach
(10:15 / Allies) bobby1: u scrub
(11:10 / Allies) bobby1: healers
(11:11 / Allies) bobby1: aim healers
(12:11 / Allies) meles: we have to go kill uds xpo
(12:13 / All) schwaz3: cool hack man
(12:32 / All) TheSoupNAZl: teal is fishy lel
(12:46 / All) TheSoupNAZl: fucking sucks
(12:51 / Allies) bobby1: fucking mher hex
(12:53 / Allies) bobby1: always there
(12:57 / Allies) meles: lumbwer plz
(13:04 / Allies) meles: tys
(13:05 / Allies) bobby1: i cant ever tp
(13:09 / Allies) bobby1: i keep getting hexed
(13:16 / Allies) Guitar-: need dispel man
(13:20 / Allies) meles: guys with me plz
(13:27 / Allies) meles: that guy has an xpo for sure
(13:32 / Allies) bobby1: this game is fucked
(13:37 / Allies) bobby1: my heros gets hexed focus all game
(13:53 / Allies) Guitar-: chill lol
(13:57 / Allies) meles: let it die
(13:58 / Allies) bobby1: im just fucked
(13:59 / Allies) meles: let it die
(14:02 / Allies) bobby1: i hate doing shitty
(14:05 / Allies) bobby1: and im doing shit
(14:11 / Allies) bobby1: wood plz
(14:36 / Allies) bobby1: careful
(14:37 / Allies) bobby1: b
(14:37 / Allies) bobby1: b
(14:47 / Allies) bobby1: all tp
(14:54 / Allies) meles: helop
(15:02 / All) PeonYurWall: gg
(15:12 / All) meles: gg...
(15:21 / Allies) Guitar-: yall blow lol
(15:25 / All) meles: 4sshole is a fucking noob
(15:29 / All) 4ssh0leJ4cob: lawl
(15:33 / All) schwaz3: yyyy
(15:35 / All) meles: yes ur a fucking noob
(15:44 / All) 4ssh0leJ4cob: you're 46-41 LOL
(15:44 / All) Guitar-: so much noobness in 4s
(15:45 / All) meles: u let their human get a fucking expo on ur fucking face noob
(15:57 / All) meles: yes i have a shitty recoord couse noobs like u
(16:07 / Allies) bobby1: there all expoed
(16:09 / Allies) bobby1: and pink
(16:10 / All) 4ssh0leJ4cob: if people on ur team make you lose a lot
(16:11 / Allies) bobby1: dumb asss fauklt
(16:12 / Allies) Guitar-: gg faggots
(16:14 / Allies) Guitar-: thanks for loss teal
(16:17 / All) 4ssh0leJ4cob: then people on the enemy team make you win a lot
(16:25 / All) meles: gg
(16:28 / All) 4ssh0leJ4cob: out
(16:29 / All) 4ssh0leJ4cob: noob
(16:29 / All) meles: this noobs i got on my team
(16:31 / All) 4ssh0leJ4cob: I can win on my own
(16:33 / All) 4ssh0leJ4cob: leave
(16:40 / All) meles: i fucking know what to do, i xpo then i stop the enemys xpo
(16:52 / All) 4ssh0leJ4cob: out
(16:52 / All) meles: but this idiot i get match with, they expo, then they start playing farmville...
(16:55 / All) meles: fuicking idiots
(17:34 / All) schwaz3: leave
(17:45 / All) 4ssh0leJ4cob: why
(17:46 / All) 4ssh0leJ4cob: you lose
(17:46 / All) 4ssh0leJ4cob: out
(17:48 / All) 4ssh0leJ4cob: leave
(18:32 / All) TheSoupNAZl: orange fucking TK
(18:35 / All) 4ssh0leJ4cob: out
(18:36 / All) 4ssh0leJ4cob: out
(18:40 / All) 4ssh0leJ4cob: you noobs leave
(18:41 / All) 4ssh0leJ4cob: I win 1v4
(18:46 / All) 4ssh0leJ4cob: orange is my ally
(18:51 / All) 4ssh0leJ4cob: we were in this from the start to tk you red
(18:54 / All) schwaz3: you couldnt win 4v1
(24:14 / All) 4ssh0leJ4cob: out!
(27:20 / All) schwaz3: are you serious...
(28:11 / All) schwaz3: i find it hilarious
(28:16 / All) schwaz3: that you guys need to play together
(28:18 / All) schwaz3: on opposite teams
(28:19 / All) schwaz3: to win
(28:23 / All) PeonYurWall: lol
(28:25 / All) 4ssh0leJ4cob: yeah we're in this for the wins LOL
(28:29 / All) 4ssh0leJ4cob: are you taht stupid
(28:37 / All) schwaz3: then leave
(28:41 / All) PeonYurWall: why are u playing a 13 year old game to tk?
(28:46 / All) 4ssh0leJ4cob: why leave when we can give you a loss
(29:07 / All) PeonYurWall: answer that?
(29:24 / All) 4ssh0leJ4cob: for the schadenfreude
(29:38 / All) PeonYurWall: i mean i honestly could give 2 fucks if i lose a wc3 4v4 rt game
(31:36 / All) 4ssh0leJ4cob: can't you pricks let me alt tab and do stuff on irc wtf
(31:38 / All) 4ssh0leJ4cob: stop trying you lost
(32:30 / All) schwaz3: of course
(32:31 / All) schwaz3: if i dont leave
(32:33 / All) schwaz3: you cant win
(32:34 / All) schwaz3: hahahaha
(33:04 / All) schwaz3: which is hilarious
(33:06 / All) schwaz3: obvious
(37:35 / All) TheSoupNAZl: WEE WOO
(37:38 / All) TheSoupNAZl: HALL MONITOR IS HERE
(37:42 / All) schwaz3: cool
(37:44 / All) schwaz3: im gonna go afk
(38:01 / All) TheSoupNAZl: shoult go ALT QQ instead
(38:01 / All) schwaz3: so now what
(38:11 / All) schwaz3: why is that
(38:16 / All) schwaz3: i want to piss you off
(38:19 / All) 4ssh0leJ4cob: now I can alt tab and get back to what I was doing before you tried to no avail with destroyers woooooo
(38:20 / All) schwaz3: and i have things to do
(38:21 / All) TheSoupNAZl: lol
(38:25 / All) schwaz3: unfortunately
(38:26 / All) TheSoupNAZl: NO SOUP FOR YOU
(38:30 / All) schwaz3: if one of you wants to win
(38:33 / All) schwaz3: one of you will have to kill everything
(38:45 / All) TheSoupNAZl: not a big deal rly
(39:01 / All) schwaz3: k :)
(39:04 / All) schwaz3: enjoy your time
(39:09 / All) TheSoupNAZl: am
(39:19 / All) schwaz3: how old are you
(39:20 / All) schwaz3: 10?
(39:25 / All) TheSoupNAZl: 11 and a half
(39:26 / All) PeonYurWall: 11
(39:30 / All) schwaz3: figures
(39:43 / All) PeonYurWall: hes got a small penis
(39:52 / All) TheSoupNAZl: I hit puberty last year buddy boy
(40:12 / All) TheSoupNAZl: your mom had no reason for complaint
(42:22 / All) 4ssh0leJ4cob: I'm 12
(42:26 / All) 4ssh0leJ4cob: how old are you?
(42:30 / All) 4ssh0leJ4cob: old faggot?
(42:37 / All) 4ssh0leJ4cob: 20 yro grandpa?
(42:51 / All) 4ssh0leJ4cob: purp orange blue are you on wc3 when u should be with ur grandchildren?
(42:53 / All) TheSoupNAZl: VIDEO GAMES ARE FOR KIDS
(42:55 / All) TheSoupNAZl: GET OVER IT
(46:47 / All) schwaz3: you guys are well slow
(47:00 / All) 4ssh0leJ4cob: i'm 12 yrs old and kicking ur ass at wc3
(47:16 / All) 4ssh0leJ4cob: hows it feel gramps?
(48:47 / All) 4ssh0leJ4cob: 1v4?
(48:49 / All) 4ssh0leJ4cob: how's it feel?
(49:28 / All) schwaz3: think your daddy needs to stop touching you inappropriately
(49:34 / All) schwaz3: it's messing with your head
(49:36 / All) TheSoupNAZl: how did you know
(49:53 / All) schwaz3: im a psychiatrist. i see it a lot
(49:56 / All) schwaz3: lots of fucked up kids
(50:10 / All) schwaz3: most of them were touched by either their mum or dad
(50:12 / All) schwaz3: clearly you're the latter
(50:18 / All) TheSoupNAZl: can you psychoanalyze us plez
(50:20 / All) schwaz3: anyway, congratulations
(50:29 / All) schwaz3: i just cleaned my apartment
(50:35 / All) schwaz3: in the time it took you to kill yourself in a game
(50:39 / All) TheSoupNAZl: must be a small studio
(50:52 / All) TheSoupNAZl: VERY small
(51:00 / All) schwaz3: it's a £2m apartment in south kensington
(51:02 / All) schwaz3: google it
(51:05 / All) schwaz3: laters
(51:09 / All) TheSoupNAZl: I believe you
(51:28 / All) 4ssh0leJ4cob: he's a multimillionaire psychiatrist
(51:35 / All) 4ssh0leJ4cob: forgot to mention his supermodel gf
(51:43 / All) TheSoupNAZl: that pays well nowadays
(51:49 / All) TheSoupNAZl: better than being a surgeon
(52:09 / All) TheSoupNAZl: almost as good as being a star athlete
(52:18 / All) 4ssh0leJ4cob: psychiatry is such a BS field
(52:25 / All) TheSoupNAZl: which he probably was before retiring to be a psychiatrist
(52:34 / All) 4ssh0leJ4cob: lawl